 Dungeon Crawl Stone Soup version 0.29-a0-364-g921d912d32 (webtiles) character file.

Game seed: 318982883954696736

3 xaos the Ducker (level 1, -2/15 HPs)
             Began as a Human Wanderer on May 1, 2022.
             Slain by a quokka (3 damage)
             ... on level 1 of the Dungeon.
             The game lasted 00:03:25 (392 turns).

xaos the Ducker (Human Wanderer)                     Turns: 392, Time: 00:03:26

Health: -2/15      AC:  5    Str: 12    XL:     1   Next: 55%
Magic:  1/1        EV: 12    Int:  9    God:
Gold:   46         SH:  0    Dex: 15    Spells: 0/0 levels left

rFire   . . .      SeeInvis .   h - +0 mace
rCold   . . .      Faith    .   (no shield)
rNeg    . . .      Spirit   .   f - +0 ring mail
rPois   .          Reflect  .   (no helmet)
rElec   .          Harm     .   (no cloak)
rCorr   .          Rampage  .   (no gloves)
Will    .....                   (no boots)
Stlth   +.........              (no amulet)
HPRegen 0.05/turn               (no ring)
MPRegen 0.07/turn               (no ring)

@: no status effects
A: no striking features
a: no special abilities


You were on level 1 of the Dungeon.
You visited 1 branch of the dungeon, and saw 1 of its levels.

You collected 46 gold pieces.

Inventory:

Hand Weapons
 a - a +0 shortbow
 h - a +0 mace (weapon)
Missiles
 b - a throwing net (quivered)
Armour
 c - a +0 leather armour
 f - a +0 ring mail (worn)
Scrolls
 d - a scroll of teleportation
 g - a scroll of enchant armour {unknown}
Potions
 e - a potion of lignification


   Skills:
 + Level 1.0 Fighting
 + Level 1.0 Bows
 + Level 3.0 Armour
 + Level 5.1 Dodging


You couldn't memorise any spells.
You didn't know any spells.
Your spell library was empty.

Dungeon Overview and Level Annotations

Branches:
Dungeon (1/15)

Altars:


Message History

The ball python barely misses you. The ball python constricts you.
You hit the ball python.
The ball python is heavily wounded.
The ball python closely misses you. The ball python constricts you.
You hit the ball python.
The ball python is severely wounded.
The ball python bites you but does no damage.
The ball python constricts you.
You hit the ball python.
You kill the ball python!
You see here a ball python corpse.
You now have 46 gold pieces (gained 9).
You see here a ball python corpse.
Found a mace.
Found 17 stones.
g - a scroll labelled SICUC TAXE A frilled lizard comes into view.
The frilled lizard hisses angrily.
A quokka comes into view.
The frilled lizard hisses.
You see here a +0 mace.
h - a +0 mace
h - a +0 mace (weapon)
You miss the frilled lizard. The frilled lizard closely misses you.
The frilled lizard barely misses you.
You closely miss the frilled lizard. The quokka bites you.
The frilled lizard bites you but does no damage.
The quokka misses you.
You miss the frilled lizard. The frilled lizard closely misses you.
The quokka bites you. The frilled lizard bites you.
You miss the quokka.
The quokka bites you but does no damage.
The quokka closely misses you.
The frilled lizard bites you but does no damage.
The quokka barely misses you.
The frilled lizard attacks as you move away!
The frilled lizard barely misses you. The quokka bites you.
* * * LOW HITPOINT WARNING * * *
The quokka bites you.
You die...

####.....####..####..####
+.....<.....'......†....#
####.....####....†#..##.#
#..#...#..#...##.#..##
#.#.#.#.#.###....#....
##..#.#..####......###.
####.######............
##'#.###............
#...@rl..........##.
#.#..............#
#.#...#.#........#
#.##..#.##.......# #.
#.....##...#(.# #.
.......#......#
####.....≈#..###.#
#..#.≈≈#..# # #..#.≈8#..#


You could see a quokka and a frilled lizard.

Vanquished Creatures
  An endoplasm (D:1)
  2 ball pythons (D:1)
3 creatures vanquished.

Notes
Turn   | Place    | Note
-------+----------+-------------------------------------------
     0 | D:1      | xaos the Human Wanderer began the quest for the Orb.
     0 | D:1      | xaos set off with the following items: a +0 shortbow, 3
                  | throwing nets, a +0 leather armour, a scroll of
                  | teleportation, a potion of lignification
     0 | D:1      | Reached XP level 1. HP: 15/15 MP: 1/1
   392 | D:1      | Slain by a quokka

Illustrated notes

Levels and vault maps discovered:
D:1:      nzn_arrival_crosshair, layout_loops_ring,
          shapermc_ecumenical_altar_totnotflames, minmay_misc_feat_plants,
          amcnicky_mini_pool_small, moated_statue, minmay_indecisive_spiral

Action                   || total
-------------------------++-------
Melee: Unarmed           ||    17
       Mace              ||     4
Throw: Throwing net      ||     3
  Use: Potion            ||     1
Armor: Ring mail         ||    13
Dodge: Dodged            ||    21

Table legend: (Time is in decaauts)
 A = Elapsed time spent in this place.
 B = Non-inter-level travel time spent in this place.
 C = Inter-level travel time spent in this place.
 D = Time resting spent in this place.
 E = Time spent auto-exploring this place.
 F = Levels seen in this place.
 G = Mean time per level.
                   A        B        C        D        E       F      G
               +--------+--------+--------+--------+--------+-----+--------+
         Total |    392 |    392 |      0 |      0 |    267 |   1 |  392.0 |
       Dungeon |    392 |    392 |      0 |      0 |    267 |   1 |  392.0 |
               +--------+--------+--------+--------+--------+-----+--------+

Top non-repeatable levels by time:
     D:1: 392 daAuts
